 Dungeon Sprint DCSS version 0.30-a0-672-gc3a7216ad8 (webtiles) character file.

Game seed: 18148984749746296197

5540 rocky1 the Martial Artist (level 10, -9/102 HPs)
             Began as a Gnoll Transmuter on Jan 19, 2023.
             Was a High Priest of Cheibriados.
             Killed from afar by a lindwurm (51 damage)
             ... with a blast of flame
             ... in the Dungeon (Sprint VII: "The Pits").
             The game lasted 00:07:14 (2665 turns).

rocky1 the Martial Artist (Gnoll Transmuter)        Turns: 2665, Time: 00:07:15

Health: -9/102     AC: 15    Str: 23    XL:     10   Next: 71%
Magic:  23/24      EV: 19    Int: 33    God:    Cheibriados [*****.]
Gold:   0          SH:  0    Dex: 25    Spells: 20/30 levels left

rFire   x . .      SeeInvis .      - Unarmed
rCold   + + +      Faith    .    (shield currently unavailable)
rNeg    . . .      Spirit   .    (body armour currently unavailable)
rPois   +          Reflect  .    (helmet currently unavailable)
rElec   .          Harm     .    (cloak currently unavailable)
rCorr   .          Rampage  .    (gloves currently unavailable)
Will    .....      NoTele   +    (boots currently unavailable)
Stlth   +++++                    (no amulet)
HPRegen 0.37/turn                l - +3 ring of protection
MPRegen 0.19/turn                n - +3 ring of intelligence

@: ice-form, wereblooded, very slow
A: freezing attack, amphibious, boosted hp, large, (fangs 1), strong nose,
distributed training
a: End Transformation, Renounce Religion, Bend Time, Temporal Distortion,
Slouch, Step From Time


You were in the Dungeon.
You worshipped Cheibriados.
Cheibriados was extremely pleased with you.
You were a creature of crystalline ice.
You visited 1 branch

Inventory:

Armour
 a - a +0 robe
 o - a +5 ring mail (melded)
 p - a +0 pair of gloves (melded)
Jewellery
 l - a +3 ring of protection (left front paw)
 n - a +3 ring of intelligence (right front paw)
Scrolls
 j - 5 scrolls of amnesia
 k - a scroll of summoning
Potions
 b - a potion of lignification
 c - 7 potions of curing
 d - 8 potions of heal wounds
 f - 4 potions of magic
 g - 5 potions of berserk rage
 i - 2 potions of invisibility
 m - 2 potions of brilliance


   Skills:
 + Level 10.0 Fighting
 + Level 9.6 Short Blades
 + Level 9.6 Long Blades
 + Level 9.6 Axes
 + Level 9.6 Maces & Flails
 + Level 9.6 Polearms
 + Level 9.6 Staves
 + Level 9.6 Ranged Weapons
 + Level 9.6 Throwing
 + Level 9.6 Armour
 + Level 10.7 Dodging
 + Level 9.6 Stealth
 + Level 9.6 Shields
 + Level 11.6 Unarmed Combat
 + Level 10.9 Spellcasting
 + Level 8.0 Conjurations
 + Level 8.0 Hexes
 + Level 8.0 Summonings
 + Level 8.0 Necromancy
 + Level 8.0 Translocations
 + Level 9.0 Transmutations
 + Level 8.0 Fire Magic
 + Level 8.0 Ice Magic
 + Level 8.0 Air Magic
 + Level 8.0 Earth Magic
 + Level 8.0 Poison Magic
 + Level 10.5 Invocations
 + Level 9.6 Evocations


You had 20 spell levels left.
You knew the following spells:

 Your Spells              Type           Power      Damage    Failure   Level
a - Beastly Appendage     Tmut           100%       N/A       1%          1
b - Wereblood             Tmut           67%        N/A       1%          2
c - Spider Form           Tmut/Pois      65%        N/A       1%          3
d - Ice Form              Ice/Tmut       65%        N/A       1%          4

Your spell library contained the following spells:

 Spells                   Type           Power      Damage    Failure   Level


Dungeon Overview and Level Annotations

Branches:
Dungeon (1/1)

Altars:
Ashenzari
Cheibriados
Dithmenos
Elyvilon
Fedhas
Gozag
Hepliaklqana
Kikubaaqudgha
Makhleb
Nemelex Xobeh
Okawaru
Qazlal
Ru
Sif Muna
Trog
Uskayaw
Vehumet
Wu Jian
Xom
Yredelemnul
Zin
The Shining One
Jiyva
Lugonu


Innate Abilities, Weirdness & Mutations

You are a creature of crystalline ice.
You have a powerful freezing melee attack.
You are amphibious.
Your maximum health is increased.
Your armour is entirely melded.
You are incapable of wielding weapons or throwing items.
((You have very sharp teeth.))
Your uncanny sense of smell can sniff out nearby items.
Your experience applies equally to all skills.


Message History

You pummel the ogre!! You freeze the ogre!
You feel a bit better.
You kill the ogre!
Cheibriados appreciates the change of pace.
The cane toad gives a loud, deep croak!
You punch the cane toad!
The cane toad seems to slow down.
You freeze the cane toad.
The cane toad is moderately wounded.
The cane toad stings you!!
You punch the cane toad!
The cane toad seems to slow down.
You freeze the cane toad.
The cane toad is heavily wounded.
You hit the cane toad.
The cane toad seems to slow down.
You freeze the cane toad.
The cane toad is severely wounded.
The lindwurm completely misses you. x2; The lindwurm barely misses you.
The cane toad stings you!!
You barely miss the cane toad.
The cane toad is severely wounded.
The lindwurm bites you. The lindwurm claws you. x2
You barely miss the cane toad.
The cane toad is severely wounded.
The cane toad stings you! The lindwurm completely misses you.
The lindwurm barely misses you. x2
You punch the lindwurm! You freeze the lindwurm.
The lindwurm is moderately wounded.
The cane toad completely misses you. The lindwurm misses you.
The lindwurm completely misses you.
The lindwurm claws you but does no damage.
You punch the lindwurm! You freeze the lindwurm.
The lindwurm is heavily wounded.
You hit the lindwurm but do no damage.
The lindwurm is heavily wounded.
The lindwurm barely misses you. The lindwurm completely misses you.
The lindwurm closely misses you. The cane toad closely misses you.
You pummel the lindwurm!! You freeze the lindwurm.
The lindwurm is almost dead.
The lindwurm breathes flames at you. The blast of flame hits you!!!
The fire burns you terribly!
Ouch! That really hurt!
You die...

#..###...# #..+
#...##÷..##..#
##...##'##..##
##.......)..##
##..###'###...##+##
#..##.....##..#...#
#..'.......+..+...+
#..##..)..##..#)Fk#
##..###'###...##Y##
##...†.†...)##...#
#...##†##..###...+
#...##.†.##..##...#
#..###...###..†...#
## ##### ########


You could see a lindwurm (catching breath) and a cane toad (slow).

Vanquished Creatures
  Erolcha (D)
  A boulder beetle (D)
  A deep elf pyromancer (D)
  A gargoyle (D)
  A rime drake (D)
  A polar bear (D)
  A tarantella (D)
  3 blink frogs (D)
  5 dream sheep (D)
  Sigmund (D)
  A shadow (D)
  A spriggan (D)
  A ynoxinul (D)
  A wraith (D)
  A redback (D)
  2 basilisks (D)
  A floating eye (D)
  2 ogres (D)
  A necrophage (D)
  A scorpion (D)
  A quasit (D)
  5 orc priests (D)
  A gnoll (D)
  A river rat (D)
  A white imp (D)
  An ufetubus (D)
  A worm (D)
  4 orcs (D)
  A bat skeleton (D)
  An endoplasm (D)
  2 giant cockroaches (D)
  A hobgoblin (D)
  7 jackals (D)
  2 kobolds (D)
  3 rats (D)
60 creatures vanquished.

Notes
Turn   | Place    | Note
-------+----------+-------------------------------------------
     0 | D        | rocky1 the Gnoll Transmuter began the quest for the Orb.
     0 | D        | Reached XP level 1. HP: 17/17 MP: 6/6
    41 | D        | Found a bloodstained altar of Trog.
    41 | D        | Found a shimmering blue altar of Sif Muna.
    41 | D        | Found a viscous altar of Jiyva.
    41 | D        | Found a hazy altar of Hepliaklqana.
    41 | D        | Found an opulent altar of Gozag.
    42 | D        | Found a glowing golden altar of the Shining One.
    42 | D        | Found a glowing silver altar of Zin.
    42 | D        | Found a basalt altar of Yredelemnul.
    42 | D        | Found a shimmering altar of Xom.
    42 | D        | Found an ornate altar of the Wu Jian Council.
    42 | D        | Found a sacrificial altar of Ru.
    42 | D        | Found a stormy altar of Qazlal.
    42 | D        | Found an iron altar of Okawaru.
    42 | D        | Found a sparkling altar of Nemelex Xobeh.
    42 | D        | Found a burning altar of Makhleb.
    42 | D        | Found a blossoming altar of Fedhas.
    42 | D        | Found a white marble altar of Elyvilon.
    42 | D        | Found a shadowy altar of Dithmenos.
    42 | D        | Found a snail-covered altar of Cheibriados.
    45 | D        | Found a corrupted altar of Lugonu.
    45 | D        | Found a radiant altar of Vehumet.
    46 | D        | Found an ancient bone altar of Kikubaaqudgha.
    46 | D        | Found a hide-covered altar of Uskayaw.
    46 | D        | Found a broken altar of Ashenzari.
    75 | D        | Reached skill level 1 in Short Blades
    75 | D        | Reached skill level 1 in Long Blades
    75 | D        | Reached skill level 1 in Axes
    75 | D        | Reached skill level 1 in Maces & Flails
    75 | D        | Reached skill level 1 in Polearms
    75 | D        | Reached skill level 1 in Staves
    75 | D        | Reached skill level 1 in Ranged Weapons
    75 | D        | Reached skill level 1 in Throwing
    75 | D        | Reached skill level 1 in Armour
    75 | D        | Reached skill level 1 in Stealth
    75 | D        | Reached skill level 1 in Shields
    75 | D        | Reached skill level 5 in Spellcasting
    75 | D        | Reached skill level 1 in Conjurations
    75 | D        | Reached skill level 1 in Hexes
    75 | D        | Reached skill level 1 in Summonings
    75 | D        | Reached skill level 1 in Necromancy
    75 | D        | Reached skill level 1 in Translocations
    75 | D        | Reached skill level 1 in Fire Magic
    75 | D        | Reached skill level 1 in Ice Magic
    75 | D        | Reached skill level 1 in Air Magic
    75 | D        | Reached skill level 1 in Earth Magic
    75 | D        | Reached skill level 1 in Poison Magic
    75 | D        | Reached skill level 1 in Invocations
    75 | D        | Reached skill level 1 in Evocations
    75 | D        | Reached XP level 2. HP: 23/23 MP: 6/8
   397 | D        | Learned a level 2 spell: Wereblood
   413 | D        | Reached XP level 3. HP: 27/29 MP: 6/9
   416 | D        | Reached skill level 5 in Dodging
   613 | D        | Learned a level 3 spell: Spider Form
   624 | D        | Noticed a floating eye
   625 | D        | Noticed an ogre
   626 | D        | Paralysed by a floating eye for 2 turns
   648 | D        | Reached skill level 7 in Unarmed Combat
   648 | D        | Reached XP level 4. HP: 26/37 MP: 6/11
   688 | D        | Reached XP level 5. HP: 24/42 MP: 8/13
   708 | D        | Reached skill level 5 in Transmutations
   715 | D        | Paralysed by a floating eye for 3 turns
   716 | D        | Reached skill level 5 in Fighting
   722 | D        | Killed a floating eye
   723 | D        | Reached skill level 8 in Unarmed Combat
   723 | D        | Reached skill level 5 in Invocations
   723 | D        | Reached XP level 6. HP: 22/51 MP: 10/16
   817 | D        | Reached skill level 5 in Short Blades
   817 | D        | Reached skill level 5 in Long Blades
   817 | D        | Reached skill level 5 in Axes
   817 | D        | Reached skill level 5 in Maces & Flails
   817 | D        | Reached skill level 5 in Polearms
   817 | D        | Reached skill level 5 in Staves
   817 | D        | Reached skill level 5 in Ranged Weapons
   817 | D        | Reached skill level 5 in Throwing
   817 | D        | Reached skill level 5 in Armour
   817 | D        | Reached skill level 5 in Stealth
   817 | D        | Reached skill level 5 in Shields
   817 | D        | Reached skill level 5 in Evocations
  1094 | D        | Learned a level 4 spell: Ice Form
  1100 | D        | Noticed Erolcha
  1108 | D        | Killed Erolcha
  1109 | D        | Reached skill level 9 in Unarmed Combat
  1109 | D        | Reached skill level 5 in Conjurations
  1109 | D        | Reached skill level 5 in Hexes
  1109 | D        | Reached skill level 5 in Summonings
  1109 | D        | Reached skill level 5 in Necromancy
  1109 | D        | Reached skill level 5 in Translocations
  1109 | D        | Reached skill level 5 in Fire Magic
  1109 | D        | Reached skill level 5 in Ice Magic
  1109 | D        | Reached skill level 5 in Air Magic
  1109 | D        | Reached skill level 5 in Earth Magic
  1109 | D        | Reached skill level 5 in Poison Magic
  1109 | D        | Reached XP level 7. HP: 15/60 MP: 12/18
  1109 | D        | Reached XP level 8. HP: 17/67 MP: 13/20
  1286 | D        | Noticed Sigmund
  1297 | D        | Killed Sigmund
  1306 | D        | Noticed a boulder beetle
  1306 | D        | Noticed a shadow
  1317 | D        | Killed a shadow
  1326 | D        | Killed a boulder beetle
  1327 | D        | Reached skill level 10 in Unarmed Combat
  1327 | D        | Reached XP level 9. HP: 27/74 MP: 20/22
  1601 | D        | Noticed a deep elf pyromancer
  1605 | D        | Noticed a tarantella
  1608 | D        | Killed a tarantella
  1625 | D        | Killed a deep elf pyromancer
  1951 | D        | Became a worshipper of Cheibriados the Contemplative
  1983 | D        | Noticed a gargoyle
  1994 | D        | Killed a gargoyle
  1995 | D        | Reached skill level 10 in Spellcasting
  1995 | D        | Reached XP level 10. HP: 40/83 MP: 19/24
  2153 | D        | Reached * piety under Cheibriados
  2159 | D        | Reached skill level 10 in Dodging
  2159 | D        | Reached skill level 11 in Unarmed Combat
  2173 | D        | Reached ** piety under Cheibriados
  2444 | D        | Reached skill level 10 in Invocations
  2449 | D        | Reached *** piety under Cheibriados
  2466 | D        | Reached **** piety under Cheibriados
  2642 | D        | Reached ***** piety under Cheibriados
  2647 | D        | Reached skill level 10 in Fighting
  2653 | D        | Noticed a lindwurm
  2653 | D        | Noticed a cane toad
  2665 | D        | Killed from afar by a lindwurm

Illustrated notes

Levels and vault maps discovered:
D:        pitsprint [storerooms_1, entrance_room_1, metal_vault_5, armoury_1,
          mini_pit_1, grid_room_1, main_hall_1, silver_pit, the_coven_1,
          the_vestibule_1, steel_vault_3, golden_pit, hallway_of_sentries,
          crystal_vault_6, iron_vault_1, final_vault]

Skill      XL: |  1  2  3  4  5  6  7  8  9 10 |
---------------+-------------------------------+-----
Short Blades   | 1 2 3 4 6 7 8 9 |  9.6
Long Blades    | 1 2 3 4 6 7 8 9 |  9.6
Axes           | 1 2 3 4 6 7 8 9 |  9.6
Maces & Flails | 1 2 3 4 6 7 8 9 |  9.6
Polearms       | 1 2 3 4 6 7 8 9 |  9.6
Staves         | 1 2 3 4 6 7 8 9 |  9.6
Ranged Weapons | 1 2 3 4 6 7 8 9 |  9.6
Throwing       | 1 2 3 4 6 7 8 9 |  9.6
Armour         | 1 2 3 4 6 7 8 9 |  9.6
Stealth        | 1 2 3 4 6 7 8 9 |  9.6
Shields        | 1 2 3 4 6 7 8 9 |  9.6
Spellcasting   | 5 6 7 8 9 10 | 10.9
Conjurations   | 1 2 3 5 6 7 8 |  8.0
Hexes          | 1 2 3 5 6 7 8 |  8.0
Summonings     | 1 2 3 5 6 7 8 |  8.0
Necromancy     | 1 2 3 5 6 7 8 |  8.0
Translocations | 1 2 3 5 6 7 8 |  8.0
Fire Magic     | 1 2 3 5 6 7 8 |  8.0
Ice Magic      | 1 2 3 5 6 7 8 |  8.0
Air Magic      | 1 2 3 5 6 7 8 |  8.0
Earth Magic    | 1 2 3 5 6 7 8 |  8.0
Poison Magic   | 1 2 3 5 6 7 8 |  8.0
Invocations    | 1 2 3 5 7 8 9 10 | 10.5
Evocations     | 1 2 3 4 6 7 8 9 |  9.6
Fighting       | 3 4 5 7 8 9 10 | 10.0
Transmutations | 4 5 6 7 8 9 |  9.0
Dodging        | 5 6 8 9 10 | 10.7
Unarmed Combat | 7 8 9 10 11 | 11.6

Action                   |  1- 3 |  4- 6 |  7- 9 | 10-12 || total
-------------------------+-------+-------+-------+-------++-------
Melee: Unarmed           |    38 |    44 |    49 |    53 ||   184
       Kick              |     8 |       |       |       ||     8
       Headbutt          |     4 |       |       |       ||     4
       Bite              |     2 |       |       |       ||     2
       Punch             |     1 |       |       |       ||     1
 Cast: Beastly Appendage |     6 |       |       |       ||     6
       Wereblood         |     1 |     1 |     2 |     1 ||     5
       Spider Form       |     1 |     4 |     1 |     1 ||     7
       Ice Form          |       |     1 |     3 |     4 ||     8
  Use: Potion            |       |     1 |     4 |       ||     5
       Scroll            |       |       |     1 |       ||     1
 Stab: Distracted        |       |       |     1 |       ||     1
       Sleeping          |       |       |       |     3 ||     3
Armor: Robe              |     9 |       |       |       ||     9
       Skin              |       |     2 |    15 |    22 ||    39
Dodge: Dodged            |    38 |    34 |    27 |    51 ||   150

Table legend: (Time is in decaauts)
 A = Elapsed time spent in this place.
 B = Non-inter-level travel time spent in this place.
 C = Inter-level travel time spent in this place.
 D = Time resting spent in this place.
 E = Time spent auto-exploring this place.
 F = Levels seen in this place.
 G = Mean time per level.
                   A        B        C        D        E       F      G
               +--------+--------+--------+--------+--------+-----+--------+
         Total |   2666 |   2576 |     90 |   1963 |      0 |   1 | 2666.0 |
       Dungeon |   2666 |   2576 |     90 |   1963 |      0 |   1 | 2666.0 |
               +--------+--------+--------+--------+--------+-----+--------+

Top non-repeatable levels by time:
       D: 2666 daAuts
